 Dungeon Crawl Stone Soup version 0.25.0-45-g978344163c (webtiles) character file.

Game seed: 8577130550034638685

10337 Ethylacetat the Spear-Bearer (level 11, -5/72 HPs)
             Began as an Octopode Transmuter on July 11, 2020.
             Was a Priest of Sif Muna.
             Shot with an arrow by a centaur (9 damage)
             ... on level 11 of the Dungeon.
             The game lasted 00:33:31 (13218 turns).

Ethylacetat the Spear-Bearer (Octopode Transmuter) Turns: 13218, Time: 00:33:31

Health: -5/72      AC:  1    Str: 12    XL:     11   Next: 60%
Magic:  40/40      EV: 22    Int: 16    God:    Sif Muna [***...]
Gold:   777        SH:  0    Dex: 19    Spells: 19/25 levels left

rFire    + + .     SeeInvis .   u - +9 spear of the Unspeakable One {flame, rElec rC+}
rCold    + . .     Gourm    .   (no shield)
rNeg     . . .     Faith    .   (helmet restricted)
rPois    .         Spirit   .   (no amulet)
rElec    +         Reflect  .   j - +4 ring of evasion
rCorr    .         Harm     .   m - ring of magical power
MR       .....                  x - ring of magical power
Stlth    +++.......             B - +4 ring of evasion
HPRegen  0.22/turn              C - +6 ring of dexterity
MPRegen  0.27/turn              J - ring of protection from fire
                                A - ring of protection from fire
                                (no ring)

@: no status effects
A: almost no armour, stealthy swim, amphibious, 8 rings, constrict 8, camouflage
1, gelatinous body 1
a: Channel Magic, Forget Spell, Renounce Religion


You were on level 11 of the Dungeon.
You worshipped Sif Muna.
Sif Muna was most pleased with you.
You were not hungry.

You visited 2 branches of the dungeon, and saw 12 of its levels.
You also visited: Sewer.

You collected 777 gold pieces.

Inventory:

Hand Weapons
 u - the +9 spear of the Unspeakable One (weapon) {flame, rElec rC+}
   (You found it on level 4 of the Dungeon)

   It has been specially enchanted to burn those struck by it, causing extra
   injury to most foes and up to half again as much damage against particularly
   susceptible opponents.
   It protects you from cold.
   It insulates you from electricity.
Missiles
 a - 328 arrows
 L - 5 throwing nets (quivered)
Jewellery
 j - a +4 ring of evasion (left tentacle)
 m - a ring of magical power (right tentacle)
 x - a ring of magical power (on tentacle)
 A - a ring of protection from fire (on tentacle)
 B - a +4 ring of evasion (on tentacle)
 C - a +6 ring of dexterity (on tentacle)
 J - a ring of protection from fire (on tentacle)
Wands
 k - a wand of random effects (27)
 r - a wand of iceblast (29)
 v - a wand of polymorph (8)
 w - a wand of digging (5)
 M - a wand of disintegration (22)
Scrolls
 b - 2 scrolls of enchant weapon {unknown}
 e - 3 scrolls of blinking {unknown}
 f - 2 scrolls of remove curse
 g - 3 scrolls of enchant armour
 h - 9 scrolls of identify
 l - 3 scrolls of random uselessness {unknown}
 p - 2 scrolls of fog
 q - 4 scrolls of magic mapping
 y - 3 scrolls of teleportation
 F - a scroll of amnesia {unknown}
 K - a scroll of torment {unknown}
 O - a scroll of acquirement {unknown}
 P - a scroll of immolation {unknown}
 Q - a scroll of summoning {unknown}
Potions
 d - 3 potions of might
 i - 3 potions of degeneration {unknown}
 n - 3 potions of brilliance
 o - 3 potions of haste
 s - 2 potions of invisibility
 t - 2 potions of magic {unknown}
 z - a potion of cancellation {unknown}
 D - 6 potions of flight
 E - 5 potions of curing
 G - a potion of mutation {unknown}
 H - 2 potions of berserk rage {unknown}
 I - a potion of stabbing {unknown}
 R - a potion of resistance
Comestibles
 c - 26 rations
 N - 5 chunks of flesh


   Skills:
 + Level 6.0 Fighting
 - Level 10.0 Polearms
 - Level 2.0 Dodging
 - Level 6.0 Unarmed Combat
 + Level 7.9 Spellcasting
 * Level 9.3 Transmutations
 + Level 3.3 Invocations


You had 19 spell levels left.
You knew the following spells:

 Your Spells              Type           Power        Failure   Level  Hunger
a - Beastly Appendage     Tmut           #####.       1%          1    None
b - Blade Hands           Tmut           #####.....   7%          5    #####..

Your spell library contained the following spells:

 Spells                   Type           Power        Failure   Level  Hunger
 Sticks to Snakes         Tmut           #####...     1%          2    None
 Spider Form              Tmut/Pois      ###.......   4%          3    ##.....
 Ice Form                 Ice/Tmut       ###.....     17%         4    ####...


Dungeon Overview and Level Annotations

Branches:
Dungeon (11/15)            Temple (1/1) D:5            Lair (0/6) D:9
    Orc (0/2) D:10          Sewer (visited)

Altars:
Ashenzari
Cheibriados
Dithmenos
Elyvilon
Gozag
Hepliaklqana
Kikubaaqudgha
Makhleb
Nemelex Xobeh
Okawaru
Ru
Sif Muna
Trog
Uskayaw
Vehumet
Wu Jian
Yredelemnul
Zin
The Shining One

Shops:
D:5 !   D:7 (


Innate Abilities, Weirdness & Mutations

You cannot wear most types of armour.
You are very stealthy in the water. (Stealth+)
You are amphibious.
You can wear up to eight rings at the same time.
You can use your tentacles to constrict eight enemies at once.
Your skin changes colour to match your surroundings (Stealth+).
Your rubbery body absorbs attacks. (AC +1, EV +1)


Message History

The arrow hits the centaur!
You hit the black bear. You burn the black bear.
Your grab misses the black bear.
The black bear is severely wounded.
The black bear bites you.
* * * LOW HITPOINT WARNING * * *
The black bear misses you. The black bear closely misses you.
You puncture the black bear! You burn the black bear.
You kill the black bear!
Sif Muna accepts your kill.
Your Fighting skill increases to level 6!
The centaur barely misses you.
The centaur shoots an arrow.
The arrow closely misses you.
You puncture the centaur! You burn the centaur.
You kill the centaur!
Sif Muna accepts your kill.
The centaur shoots an arrow.
The arrow hits you!
* * * LOW HITPOINT WARNING * * *
The centaur shoots an arrow.
The arrow hits you!
You die...

.##......# #..#.
.##......# #...
......##.# #...
......##.# #...
###...##.# #(.#...# #
#...##.# #.O#c.c# #
#...##.# #))#)..# #
#...##.# #.(#.c.# #
#...##.# #.@#...# #
#...##.# #..#...#
#...##.######(c#...##..
#..............c%......
.................(.......
#########################


You could see an ogre and 2 centaurs.

Vanquished Creatures
  Harold (D:7)
  A two-headed ogre (D:8)
  Urug (D:10)
  A gargoyle (D:10)
  Maggie (D:7)
  2 centaur skeletons (D:10)
  2 hornets (D:9)
  3 hippogriffs
  A wyvern (D:9)
  6 yaks (D:10)
  2 hungry ghosts (D:10)
  A steam dragon (D:9)
  A soldier ant (D:9)
  A water moccasin (D:10)
  Duvessa (D:4)
  An orc warrior (D:10)
  2 phantoms (D:5)
  A black bear (D:11)
  4 sky beasts
  10 ogres
  12 centaurs
  The ghost of Delamore the Skirmisher, an amateur GrFi (D:4)
  4 crocodiles (D:9)
  3 big kobolds
  6 bullfrogs
  Dowan (D:4)
  3 scorpions
  A howler monkey (D:5)
  4 crimson imps
  A bullfrog zombie (D:9)
  2 jellies
  A bullfrog skeleton (D:3)
  3 orc priests
  2 hounds
  6 orc wizards
  An iguana (D:8)
  Natasha (thrice) (D:2)
  9 worker ants
  A statue (D:5)
  2 hound skeletons
  7 gnolls
  A howler monkey skeleton (D:5)
  8 adders
  A river rat (D:5)
  2 shadow imps
  An ooze (D:4)
  3 adder zombies
  2 adder skeletons
  3 worms
  2 dart slugs
  7 leopard geckos
  37 orcs
  7 bats
  9 giant cockroaches
  9 goblins
  7 hobgoblins
  13 jackals
  21 kobolds
  6 quokkas
  5 ball pythons
  A ball python skeleton (D:4)
  5 frilled lizards
  2 jackal zombies
  A leopard gecko skeleton (D:6)
  15 rats
284 creatures vanquished.

Notes
Turn   | Place    | Note
-------+----------+-------------------------------------------
     0 | D:1      | Ethylacetat the Octopode Transmuter began the quest for the
                  | Orb.
     0 | D:1      | Reached XP level 1. HP: 13/13 MP: 3/3
   501 | D:1      | Reached XP level 2. HP: 18/18 MP: 5/5
   867 | D:1      | Reached XP level 3. HP: 22/24 MP: 6/6
  1404 | D:2      | Noticed Natasha
  1419 | D:2      | Killed Natasha
  1419 | D:2      | Reached XP level 4. HP: 14/29 MP: 5/7
  1443 | D:2      | Noticed Natasha
  1604 | D:2      | Killed Natasha
  1625 | D:2      | Noticed Natasha
  1632 | D:2      | Killed Natasha
  1632 | D:2      | Reached XP level 5. HP: 28/36 MP: 6/8
  3278 | D:3      | Reached XP level 6. HP: 29/42 MP: 10/10
  3901 | D:3      | Found a sparkling altar of Nemelex Xobeh.
  4353 | D:4      | Got a warped spear
  4356 | D:4      | Identified the +9 spear of the Unspeakable One {flame,
                  | rElec rC+} (You found it on level 4 of the Dungeon)
  4390 | D:4      | Found a hide-covered altar of Uskayaw.
  4437 | D:4      | Noticed Dowan
  4444 | D:4      | Killed Dowan
  4444 | D:4      | Noticed Duvessa
  4453 | D:4      | Killed Duvessa
  4453 | D:4      | Reached skill level 1 in Polearms
  4453 | D:4      | Reached skill level 5 in Unarmed Combat
  4453 | D:4      | Reached XP level 7. HP: 7/48 MP: 11/11
  4962 | D:4      | Found a runed translucent door.
  4962 | D:4      | Noticed Delamore's ghost (amateur GrFi)
  4974 | D:4      | Killed Delamore's ghost
  5193 | D:4      | Reached skill level 2 in Polearms
  5349 | D:5      | Entered Level 5 of the Dungeon
  5350 | D:5      | Found an ancient bone altar of Kikubaaqudgha.
  5451 | D:5      | Found Nievum's Distillery.
  5488 | D:5      | Reached XP level 8. HP: 54/54 MP: 13/13
  5498 | D:5      | Reached skill level 5 in Fighting
  5674 | D:5      | Found a radiant altar of Vehumet.
  5779 | D:5      | Found a glowing drain.
  5791 | Sewer    | Entered a sewer
  5878 | Sewer    | Reached skill level 3 in Polearms
  5930 | Sewer    | Found a white marble altar of Elyvilon.
  6013 | D:5      | Found a burning altar of Makhleb.
  6056 | D:5      | Found a staircase to the Ecumenical Temple.
  6065 | Temple   | Entered the Ecumenical Temple
  6069 | Temple   | Became a worshipper of Sif Muna the Loreminder
  6317 | D:5      | Reached skill level 4 in Polearms
  6662 | D:6      | Reached skill level 5 in Polearms
  6662 | D:6      | Reached skill level 5 in Transmutations
  6724 | D:6      | Reached XP level 9. HP: 61/61 MP: 16/16
  6795 | D:6      | Reached * piety under Sif Muna
  6972 | D:6      | Reached skill level 5 in Spellcasting
  6990 | D:6      | Reached skill level 6 in Polearms
  7473 | D:7      | Found Afotinniti's Weapon Boutique.
  7759 | D:7      | Noticed Harold
  7770 | D:7      | Killed Harold
  7770 | D:7      | Reached skill level 7 in Polearms
  7944 | D:7      | Noticed Maggie
  7959 | D:7      | Killed Maggie
  7959 | D:7      | Reached skill level 8 in Polearms
  7959 | D:7      | Reached XP level 10. HP: 34/66 MP: 19/19
  8486 | D:8      | Reached ** piety under Sif Muna
  8861 | D:8      | Found a shattered altar of Ashenzari.
  8871 | D:8      | Found a shadowy altar of Dithmenos.
  8874 | D:8      | Found a white marble altar of Elyvilon.
  8886 | D:8      | Found an opulent altar of Gozag.
  9008 | D:8      | Noticed a two-headed ogre
  9018 | D:8      | Killed a two-headed ogre
  9018 | D:8      | Reached skill level 9 in Polearms
  9110 | D:8      | Found a basalt altar of Yredelemnul.
 10410 | D:9      | Reached skill level 10 in Polearms
 10561 | D:9      | Found a staircase to the Lair.
 10898 | D:10     | Entered Level 10 of the Dungeon
 10923 | D:10     | Reached XP level 11. HP: 63/71 MP: 22/22
 10996 | D:10     | Reached skill level 1 in Invocations
 11238 | D:10     | Noticed Urug
 11252 | D:10     | Killed Urug
 11284 | D:10     | Reached *** piety under Sif Muna
 11856 | D:10     | Learned a level 5 spell: Blade Hands
 12202 | D:10     | Found a staircase to the Orcish Mines.
 13218 | D:11     | Shot with an arrow by a centaur

Illustrated notes

Levels and vault maps discovered:
D:1:      ncdulo_wetmaze, layout_basic
D:2:      layout_basic, first_ration, wander_ebering_terrifying_dragon_lair,
          uniq_natasha
D:3:      layout_basic, lemuel_crystal_altar
D:4:      layout_rooms, eat_drink_and_be_merry_uskayaw, gammafunk_ghost_grave,
          minmay_quadrilaterals, uniq_duvessa
D:5:      minmay_bubble_buster, layout_loops_ring, vehumet_statue,
          lemuel_round_altar, overflow_temple_1_default,
          minmay_temple_entry_poolview, serial_shops, nicolae_shop_behind_doors,
          gup_sewer_entry_bubbles
D:6:      layout_cave_pools
D:7:      layout_loops_ring, serial_shops, shop, uniq_harold, uniq_maggie
D:8:      layout_rooms, kennysheep_mini, grunt_temple_overflow_cloverleaf
D:9:      layout_rooms, erik_lair_dragon, hangedman_pestilent_swarm
D:10:     layout_small_grid, hiddenorc1_lemuel, uniq_urug
D:11:     layout_long_grid
Temple:   nicolae_temple_x_marks_the_god

Skill      XL: |  1  2  3  4  5  6  7  8  9 10 11 |
---------------+----------------------------------+-----
Fighting       | 2 3 4 5 6 |  6.0
Unarmed Combat | 4 5 6 |  6.0
Transmutations | 3 5 6 8 9 |  9.3
Spellcasting   | 3 4 6 7 |  7.9
Polearms       | 1 2 5 8 10 | 10.0
Invocations    | 3 |  3.3
Dodging        | |  2.0

Action                   |  1- 3 |  4- 6 |  7- 9 | 10-12 || total
-------------------------+-------+-------+-------+-------++-------
Melee: Unarmed           |    70 |   154 |       |       ||   224
       Constrict         |    19 |    41 |    27 |    27 ||   114
       Tentacles         |     8 |    30 |    41 |    67 ||   146
       Punch             |     3 |     3 |     8 |    12 ||    26
       Kick              |     1 |     5 |     4 |    12 ||    22
       Spear             |       |    17 |   232 |   328 ||   577
Throw: Throwing net      |       |       |       |     2 ||     2
 Cast: Beastly Appendage |     1 |     4 |     2 |     3 ||    10
Evoke: Wand              |       |       |       |     2 ||     2
  Use: Potion            |       |       |     3 |       ||     3
       Scroll            |       |       |       |     6 ||     6
 Stab: Sleeping          |     8 |     9 |    19 |     8 ||    44
       Invisible         |       |       |     1 |       ||     1
       Held in net/web   |       |       |       |     2 ||     2
       Distracted        |       |       |       |     1 ||     1
  Eat: Chunk             |     1 |    10 |    11 |    17 ||    39
Armor: Skin              |     6 |     8 |     4 |     4 ||    22
Dodge: Dodged            |    37 |   122 |    89 |   189 ||   437
